General information
- name: BNet
- type: Ladder team game (AT/RT)
- host: Battle.net
- saver: ROTS19
map: Mur'gulOasis
- players: 8
- length: 14:03
- speed: Fast
- version: 1.26 W3XP
- replay type: Public
» download(95 KB)
Players
team 1 (loser)
sup-my-ninja (
pink | 65 APM | 704 actions | 10:53)
3 Death Knight
2 Death Coil
1 Unholy Aura
1 Crypt Lord
1 Impale
» actions
| Assign group hotkey | 19 | |
| Basic commands | 92 | |
| Build / train | 38 | |
| Enter build submenu | 10 | |
| Enter hero's abilities submenu | 4 | |
| Right click | 222 | |
| Select / deselect | 141 | |
| Select group hotkey | 117 | |
| Use ability | 61 | |
704 total
» units
| Acolyte | 3 | |
| Ghoul | 3 | |
| Crypt Fiend | 12 | |
18 total
» upgrades
| Creature Attack | 1 | |
| Creature Carapace | 1 | |
| Web | 1 | |
| Burrow | 1 | |
4 total
» buildings
| Altar of Darkness | 1 | |
| Crypt | 1 | |
| Ziggurat | 5 | |
| Graveyard | 1 | |
| Tomb of Relics | 1 | |
| Nerubian Tower | 2 | |
| Halls of the Dead | 2 | |
| Spirit Tower | 2 | |
| Slaughterhouse | 1 | |
16 total
» build order
00:39 Altar of Darkness
00:42 Crypt
00:49 Ziggurat
01:12 Graveyard
01:20 Tomb of Relics
01:59 Ziggurat
02:21 Nerubian Tower
04:18 Ziggurat
04:49 Halls of the Dead
04:49 Halls of the Dead
06:14 Spirit Tower
06:14 Spirit Tower
08:43 Ziggurat
08:52 Ziggurat
09:12 Slaughterhouse
» items
d5auto (
yellow | 36 APM | 472 actions | 13:17)
3 Death Knight
1 Death Coil
1 Death Pact
1 Unholy Aura
» actions
| Build / train | 30 | |
| Enter build submenu | 13 | |
| Enter hero's abilities submenu | 3 | |
| Right click | 270 | |
| Select / deselect | 126 | |
| Use ability | 30 | |
472 total
» units
| Acolyte | 2 | |
| Ghoul | 4 | |
| Crypt Fiend | 4 | |
| Frost Wyrm | 3 | |
13 total
» upgrades
| Creature Attack | 3 | |
| Creature Carapace | 2 | |
| Freezing Breath | 1 | |
6 total
» buildings
| Ziggurat | 6 | |
| Altar of Darkness | 1 | |
| Graveyard | 1 | |
| Crypt | 1 | |
| Tomb of Relics | 1 | |
| Halls of the Dead | 1 | |
| Black Citadel | 1 | |
| Sacrificial Pit | 1 | |
| Boneyard | 2 | |
| Spirit Tower | 2 | |
17 total
» build order
00:21 Ziggurat
00:29 Altar of Darkness
00:45 Graveyard
01:28 Crypt
01:34 Ziggurat
02:47 Ziggurat
02:53 Tomb of Relics
03:42 Halls of the Dead
04:56 Ziggurat
06:14 Black Citadel
06:19 Sacrificial Pit
08:46 Boneyard
08:55 Boneyard
09:26 Spirit Tower
10:42 Spirit Tower
11:11 Ziggurat
12:39 Ziggurat
» items
| Rod of Necromancy | 1 | |
| Potion of Healing | 1 | |
| Scroll of Town Portal | 1 | |
3 total

»
ROTS19 (
purple | 67 APM | 940 actions | 14:03)
2 Demon Hunter
1 Mana Burn
1 Evasion
1 Naga Sea Witch
1 Frost Arrows
1 Keeper of the Grove
1 Entangling Roots
» actions
| Assign group hotkey | 17 | |
| Basic commands | 17 | |
| Build / train | 45 | |
| ESC pressed | 4 | |
| Enter build submenu | 26 | |
| Enter hero's abilities submenu | 4 | |
| Right click | 329 | |
| Select / deselect | 307 | |
| Select group hotkey | 132 | |
| Use ability | 59 | |
940 total
» units
| Wisp | 18 | |
| Archer | 6 | |
| Huntress | 3 | |
| Dryad | 1 | |
28 total
» upgrades
| Ultravision | 1 | |
| Strength of the Wild | 1 | |
| Improved Bows | 1 | |
| Strength of the Moon | 1 | |
| Well Spring | 2 | |
6 total
» buildings
| Altar of Elders | 1 | |
| Ancient of War | 3 | |
| Moon Well | 4 | |
| Ancient of Wonders | 1 | |
| Tree of Ages | 1 | |
| Hunter's Hall | 1 | |
| Tree of Eternity | 1 | |
| Ancient of Lore | 3 | |
| Ancient Protector | 3 | |
18 total
» build order
00:09 Altar of Elders
00:18 Ancient of War
00:36 Moon Well
02:17 Moon Well
02:31 Ancient of Wonders
03:13 Moon Well
03:35 Tree of Ages
03:40 Moon Well
04:07 Hunter's Hall
06:38 Ancient of War
07:26 Tree of Eternity
08:22 Ancient of Lore
09:22 Ancient Protector
09:26 Ancient Protector
09:32 Ancient Protector
10:42 Ancient of Lore
10:45 Ancient of Lore
10:51 Ancient of War
» items

»
SmokeThis (
orange | 24 APM | 316 actions | 13:11)
2 Death Knight
1 Death Coil
1 Unholy Aura
» actions
| Assign group hotkey | 5 | |
| Build / train | 37 | |
| Enter build submenu | 15 | |
| Enter hero's abilities submenu | 2 | |
| Remove unit from queue | 2 | |
| Right click | 105 | |
| Select / deselect | 109 | |
| Select group hotkey | 12 | |
| Use ability | 29 | |
316 total
» units
| Acolyte | 2 | |
| Ghoul | 4 | |
| Necromancer | 8 | |
| Abomination | 6 | |
20 total
» upgrades
| Unholy Strength | 1 | |
| Unholy Armor | 1 | |
| Necromancer Training | 1 | |
| Skeletal Longevity | 1 | |
4 total
» buildings
| Altar of Darkness | 1 | |
| Ziggurat | 6 | |
| Crypt | 1 | |
| Graveyard | 1 | |
| Tomb of Relics | 1 | |
| Nerubian Tower | 1 | |
| Halls of the Dead | 1 | |
| Spirit Tower | 3 | |
| Black Citadel | 1 | |
| Temple of the Damned | 2 | |
| Slaughterhouse | 1 | |
19 total
» build order
00:23 Altar of Darkness
00:35 Ziggurat
00:48 Crypt
01:22 Graveyard
01:33 Tomb of Relics
01:40 Ziggurat
01:43 Nerubian Tower
02:31 Ziggurat
02:52 Ziggurat
04:10 Halls of the Dead
04:19 Spirit Tower
04:21 Spirit Tower
04:45 Spirit Tower
05:48 Ziggurat
05:59 Ziggurat
06:38 Black Citadel
06:50 Temple of the Damned
06:57 Temple of the Damned
07:09 Slaughterhouse
» items
team 2 (winner)
KODOS_FORSAKEN (
blue | 112 APM | 1581 actions | 14:03)
5 Blood Mage
2 Siphon Mana
3 Flame Strike
3 Mountain King
2 Storm Bolt
1 Bash
» actions
| Assign group hotkey | 172 | |
| Basic commands | 5 | |
| Build / train | 67 | |
| Enter build submenu | 21 | |
| Enter hero's abilities submenu | 8 | |
| Give item / drop item | 2 | |
| Right click | 573 | |
| Select / deselect | 358 | |
| Select group hotkey | 289 | |
| Use ability | 85 | |
1581 total
» units
| Peasant | 9 | |
| Footman | 2 | |
| Rifleman | 11 | |
| Mortar Team | 4 | |
| Flying Machine | 2 | |
28 total
» upgrades
| Gunpowder | 3 | |
| Masonry | 1 | |
| Armor | 3 | |
| Long Rifles | 1 | |
| Fragmentation Shards | 1 | |
9 total
» buildings
| Altar of Kings | 1 | |
| Barracks | 2 | |
| Farm | 10 | |
| Lumber Mill | 1 | |
| Blacksmith | 1 | |
| Arcane Vault | 1 | |
| Keep | 1 | |
| Castle | 1 | |
| Workshop | 2 | |
20 total
» build order
00:08 Altar of Kings
00:20 Barracks
00:35 Farm
01:05 Farm
01:36 Lumber Mill
01:39 Blacksmith
01:43 Barracks
01:48 Farm
02:32 Farm
02:56 Arcane Vault
03:02 Farm
04:00 Keep
04:51 Farm
04:55 Farm
07:35 Castle
08:15 Workshop
08:16 Workshop
08:35 Farm
09:20 Farm
11:00 Farm
» items
| Scroll of Regeneration | 4 | |
| Lesser Clarity Potion | 2 | |
| Healing Salve | 2 | |
| Potion of Healing | 4 | |
| Scroll of Town Portal | 2 | |
| Scroll of Healing | 1 | |
15 total

»
The_retarded (
teal | 38 APM | 530 actions | 14:03)
4 Keeper of the Grove
3 Entangling Roots
1 Thorns Aura
» actions
| Assign group hotkey | 18 | |
| Basic commands | 24 | |
| Build / train | 30 | |
| Enter build submenu | 4 | |
| Enter hero's abilities submenu | 3 | |
| Remove unit from queue | 1 | |
| Right click | 193 | |
| Select / deselect | 150 | |
| Select group hotkey | 77 | |
| Use ability | 30 | |
530 total
» units
» buildings
| Altar of Elders | 1 | |
| Moon Well | 1 | |
| Tree of Life | 1 | |
3 total
» build order
00:09 Altar of Elders
00:24 Moon Well
12:44 Tree of Life
» items
born_too_live (
green | 47 APM | 663 actions | 14:03)
4 Tauren Chieftain
2 Endurance Aura
2 War Stomp
2 Shadow Hunter
1 Healing Wave
1 Hex
» actions
| Basic commands | 8 | |
| Build / train | 46 | |
| Enter build submenu | 13 | |
| Enter hero's abilities submenu | 6 | |
| Give item / drop item | 1 | |
| Remove unit from queue | 1 | |
| Right click | 377 | |
| Select / deselect | 164 | |
| Use ability | 47 | |
663 total
» units
» upgrades
| Melee Weapons | 2 | |
| Armor | 2 | |
| Pillage | 1 | |
| Ensnare | 1 | |
6 total
» buildings
| Altar of Storms | 1 | |
| Orc Burrow | 8 | |
| War Mill | 1 | |
| Stronghold | 1 | |
| Voodoo Lounge | 1 | |
| Beastiary | 2 | |
| Fortress | 1 | |
15 total
» build order
00:23 Altar of Storms
00:33 Orc Burrow
01:11 War Mill
01:37 Orc Burrow
02:27 Stronghold
03:16 Orc Burrow
03:21 Voodoo Lounge
04:29 Orc Burrow
04:55 Beastiary
05:00 Beastiary
08:01 Orc Burrow
08:30 Fortress
08:36 Orc Burrow
11:21 Orc Burrow
11:55 Orc Burrow
» items

»
Vincent-Vega (
red | 29 APM | 404 actions | 14:03)
5 Shadow Hunter
1 Healing Wave
3 Serpent Ward
1 Hex
» actions
| Assign group hotkey | 11 | |
| Basic commands | 10 | |
| Build / train | 54 | |
| Enter build submenu | 12 | |
| Enter hero's abilities submenu | 5 | |
| Give item / drop item | 1 | |
| Right click | 114 | |
| Select / deselect | 131 | |
| Select group hotkey | 15 | |
| Use ability | 51 | |
404 total
» units
| Peon | 7 | |
| Grunt | 6 | |
| Troll Headhunter/Berserker | 6 | |
19 total
» upgrades
| Pillage | 1 | |
| Armor | 3 | |
| Ranged Weapons | 3 | |
| Melee Weapons | 2 | |
| Reinforced Defenses | 1 | |
| Troll Regeneration | 1 | |
| Berserker Upgrade | 1 | |
| Berserker Strength | 1 | |
13 total
» buildings
| Orc Burrow | 4 | |
| Altar of Storms | 1 | |
| Barracks | 1 | |
| Voodoo Lounge | 1 | |
| War Mill | 1 | |
| Watch Tower | 4 | |
| Stronghold | 1 | |
| Fortress | 1 | |
14 total
» build order
00:16 Orc Burrow
00:32 Altar of Storms
00:54 Barracks
01:14 Orc Burrow
02:12 Voodoo Lounge
03:11 War Mill
03:18 Orc Burrow
03:50 Orc Burrow
04:41 Watch Tower
04:46 Stronghold
05:14 Watch Tower
06:08 Watch Tower
06:33 Watch Tower
07:40 Fortress
» items
| Healing Salve | 2 | |
| Lesser Clarity Potion | 5 | |
| Scroll of Speed | 2 | |
| Scroll of Town Portal | 1 | |
| Orb of Lightning | 1 | |
| Potion of Healing | 1 | |
| Potion of Mana | 1 | |
13 total
Chat log
(00:04 / All) ROTS19: hi kodos
(00:11 / All) KODOS_FORSAKEN: sup brat
(00:28 / All) ROTS19: I'm pies from wgdf
(00:29 / All) sup-my-ninja: sounds like blue likes u purp
(00:41 / All) KODOS_FORSAKEN: ah
(00:59 / Allies) sup-my-ninja: dk fiends
(01:00 / All) ROTS19: we played a few games when you used LOLYEVSAPRO
(01:06 / All) KODOS_FORSAKEN: ya
(01:39 / Allies) sup-my-ninja: units others
(01:57 / Allies) d5auto: fiend to frost
(01:59 / Allies) SmokeThis: gargs?
(02:09 / All) ROTS19: are you gonna be on more after this?
(02:20 / All) KODOS_FORSAKEN: got plans later prob not
(02:22 / All) ROTS19: ok
(02:27 / All) KODOS_FORSAKEN: i dont play much anymore
(02:33 / All) ROTS19: yaeh
(02:56 / All) ROTS19: was considering trying to nag ghetto on for more games
(08:03 / Allies) sup-my-ninja: no fucken units oj
(08:39 / Allies) sup-my-ninja: i fuke swear oj
(09:33 / Allies) sup-my-ninja: dead
(09:41 / All) ROTS19: yeah shit lol
(10:47 / Allies) sup-my-ninja: fuck face
(11:02 / All) ROTS19: Pink had a good closing statement
(11:06 / All) ROTS19: Simply, "fuck face"
(11:08 / All) ROTS19: And then left
(11:08 / All) KODOS_FORSAKEN: which was
(11:09 / All) KODOS_FORSAKEN: lol
(13:09 / All) ROTS19: no idea how i could have matched you by the way
(13:18 / All) KODOS_FORSAKEN: im been stabbin check my rec lol
(13:21 / All) ROTS19: oh
(13:32 / All) ROTS19: I see
(13:35 / All) ROTS19: lol
(13:54 / All) ROTS19: well this is over
(13:57 / All) ROTS19: seeya
(14:00 / All) KODOS_FORSAKEN: later